 Dungeon Crawl Stone Soup version 0.17.1-3-g152610e (webtiles) character file.

207 Jerry the Ducker (level 5, 0/37 HPs)
             Began as an Octopode Fighter on Mar 3, 2016.
             Slain by an orc wizard
             ... wielding a +0 dagger
              (5 damage)
             ... on level 4 of the Dungeon.
             The game lasted 00:10:44 (2964 turns).

Jerry the Ducker (Octopode Fighter)                 Turns: 2964, Time: 00:10:44

Health: 0/37       AC:  1    Str: 15    XL:     5   Next: 85%
Magic:  5/5        EV: 11    Int: 10    God:
Gold:   168        SH:  9    Dex: 13    Spells: 0 memorised, 4 levels left

rFire  . . .     SeeInvis .     q - +1 dagger (speed)
rCold  . . .     Clarity  .     b - +0 shield
rNeg   . . .     SustAt   .     (helmet restricted)
rPois  .         Gourm    .     (no amulet)
rElec  .         Spirit   .     (no ring)
rCorr  .         Warding  .     (no ring)
rMut   .         Stasis   .     (no ring)
MR     .....                    (no ring)
Stlth  +++.......               (no ring)
                                (no ring)
                                (no ring)
                                (no ring)

@: not resistant to hostile enchantments, fairly stealthy
A: almost no armour, amphibious, 8 rings, constrict 8, camouflage 1, gelatinous
body 1
a: no special abilities


You were on level 4 of the Dungeon.
You were hungry.

You visited 1 branch of the dungeon, and saw 4 of its levels.

You collected 168 gold pieces.

Inventory:

Hand Weapons
 a - a +0 long sword
 q - a +1 dagger of speed (weapon)
Missiles
 k - 23 sling bullets (quivered)
Armour
 b - a +0 shield (worn)
Scrolls
 e - 3 scrolls of identify
 h - a scroll of teleportation
 l - a scroll of magic mapping {unknown}
 m - a scroll of fear {unknown}
 r - a scroll of remove curse
Potions
 c - a potion of might
 j - a potion of curing {unknown}
 n - a potion of brilliance {unknown}
 o - 2 potions of invisibility {unknown}
 p - a potion of magic {unknown}
 t - a potion of haste {unknown}
Comestibles
 d - 2 bread rations
 f - 4 fruits
 g - 3 meat rations


   Skills:
 + Level 3.9 Fighting
 + Level 1.2(2.0) Short Blades
 - Level 2.4(2.5) Long Blades
 + Level 4.0 Dodging
 + Level 3.2 Stealth
 + Level 3.9 Shields


You had 4 spell levels left.
You didn't know any spells.

Dungeon Overview and Level Annotations

Branches:
Dungeon (4/15)
 Temple: D:4-7

Altars:
Qazlal
Ru
Sif Muna


Innate Abilities, Weirdness & Mutations

You cannot wear most types of armour.
You are amphibious.
You can wear up to eight rings at the same time.
You can use your tentacles to constrict eight enemies at once.
Your skin changes colour to match your surroundings (Stealth).
Your rubbery body absorbs attacks (AC +1).


Message History

The orc wizard is lightly wounded.
You constrict the orc wizard, but do no damage.
The orc wizard closely misses you.
You hit the orc wizard but do no damage.
The orc wizard is lightly wounded.
You constrict the orc wizard. The orc wizard hits you with a dagger.
You hit the orc wizard.
The orc wizard is moderately wounded.
You constrict the orc wizard. You block the orc wizard's attack.
You hit the orc wizard but do no damage.
The orc wizard is severely wounded.
You constrict the orc wizard.
The orc wizard gestures at you while chanting.
The magic dart hits you!
* * * LOW HITPOINT WARNING * * *
You hit the orc wizard but do no damage.
You squeeze the orc wizard, but do no damage.
The orc wizard is severely wounded.
You constrict the orc wizard. The orc wizard hits you with a dagger.
You die...

#..# .# +# #..# .#
#...#.# #..####.#
#.#.#.###......o##
#...... ........ #.....#
#..# ..# #..#..# #..#
..##.#.
#####..#..####..##.......
...##...).......@o..#
...###..#.##.##.##.##
...###..#............
........#>.#.##.##...#
'#.###.................
...........#......#..###
.#(####....#.##.###..#
.#... #...<....... ..#
.#...##......## ###


You could see an orc wizard.

Vanquished Creatures
  An orc wizard (D:4)
  An orc priest (D:3)
  Jessica (D:2)
  2 adders
  4 gnolls (D:3)
  2 worms
  2 giant geckos (D:1)
  6 orcs
  A ball python (D:1)
  4 giant cockroaches
  4 hobgoblins
  9 kobolds
  A quokka (D:2)
  4 bats
  5 giant newts
  5 goblins
  4 rats
56 creatures vanquished.

Notes
Turn   | Place    | Note
--------------------------------------------------------------
     0 | D:1      | Jerry the Octopode Fighter began the quest for the Orb.
     0 | D:1      | Reached XP level 1. HP: 16/16 MP: 1/1
   131 | D:1      | Reached XP level 2. HP: 15/21 MP: 2/2
   149 | D:1      | Reached skill level 1 in Stealth
  1217 | D:2      | Found a deep blue altar of Sif Muna.
  1235 | D:2      | Reached XP level 3. HP: 26/26 MP: 3/3
  1456 | D:2      | Noticed Jessica
  1487 | D:2      | Killed Jessica
  1487 | D:2      | Reached XP level 4. HP: 31/31 MP: 4/4
  2066 | D:3      | Reached XP level 5. HP: 17/37 MP: 5/5
  2395 | D:3      | Found a stormy altar of Qazlal.
  2497 | D:3      | Found a sacrificial altar of Ru.
  2582 | D:3      | Reached skill level 1 in Short Blades
  2959 | D:4      | Reached skill level 4 in Dodging
  2964 | D:4      | Slain by an orc wizard

Action                   |  1- 3 |  4- 6 || total
-------------------------+-------+-------++-------
Melee: Long sword        |    50 |     3 ||    53
       Dagger            |       |    56 ||    56
       Spear             |       |    35 ||    35
  Use: Scroll            |       |     6 ||     6
 Stab: Sleeping          |     4 |     5 ||     9
  Eat: Chunk             |     1 |     4 ||     5
       Fruit             |       |     1 ||     1
